 Dungeon Crawl Stone Soup version 0.19.1 (webtiles) character file.

203 Host24 the Bolt Thrower (level 6, 0/38 HPs)
             Began as a Kobold Hunter on Dec 30, 2016.
             Succumbed to an adder's poison
             ... on level 4 of the Dungeon.
             The game lasted 00:07:12 (3549 turns).

Host24 the Bolt Thrower (Kobold Hunter)             Turns: 3549, Time: 00:07:13

Health: 0/38       AC:  5    Str:  9    XL:     6   Next: 8%
Magic:  6/6        EV: 17    Int: 12    God:
Gold:   302        SH:  0    Dex: 18    Spells: 0 memorised, 5 levels left

rFire  . . .     SeeInvis .     a - +1 hand crossbow
rCold  . . .     Gourm    .     c - +0 leather armour
rNeg   . . .     Faith    .     (shield restricted)
rPois  .         Spirit   .     v - +0 helmet (curse)
rElec  .         Reflect  .     (no cloak)
rCorr  .         Harm     .     p - +0 pair of gloves
MR     .....                    (no boots)
Stlth  ++........               (no amulet)
                                (no ring)
                                (no ring)

@: lethally poisoned (0 -> -13)
A: carnivore 3
a: no special abilities


You were on level 4 of the Dungeon.
You were completely stuffed.

You visited 1 branch of the dungeon, and saw 4 of its levels.
You also visited: Sewer.

You collected 302 gold pieces.

Inventory:

Hand Weapons
 a - a +1 hand crossbow (weapon)
 b - a +0 short sword
 A - a +2 mace of crushing
 B - a +0 morningstar of protection
Missiles
 d - 8 bolts (quivered)
 e - 169 stones
 g - 81 sling bullets
 j - 11 arrows
 l - 7 needles of confusion
 z - 5 tomahawks
Armour
 c - a +0 leather armour (worn)
 i - a +0 helmet
 p - a +0 pair of gloves (worn)
 v - a cursed +0 helmet (worn)
Jewellery
 q - an uncursed ring of poison resistance {unknown}
 s - an uncursed ring of protection from magic {unknown}
Wands
 y - a wand of iceblast (5/15)
Scrolls
 m - 4 scrolls of enchant armour {unknown}
 n - a scroll of enchant weapon {unknown}
 o - 4 scrolls of remove curse {unknown}
 r - a scroll of immolation {unknown}
 w - 4 scrolls of identify {unknown}
 x - 2 scrolls of random uselessness {unknown}
 C - 4 scrolls of teleportation {unknown}
Potions
 h - a potion of lignification
 k - a potion of cure mutation {unknown}
 t - 5 potions of flight
 u - a potion of curing {unknown}
 D - 3 potions of brilliance {unknown}
Comestibles
 f - a meat ration
 E - a chunk of flesh


   Skills:
 - Level 4.0 Fighting
 + Level 6.1 Crossbows
 - Level 4.6 Dodging
 - Level 1.3 Stealth


You had 5 spell levels left.
You didn't know any spells.

Dungeon Overview and Level Annotations

Branches:
Dungeon (4/15)
 Temple: D:4-7

Altars:
Fedhas
Xom


Innate Abilities, Weirdness & Mutations

You are small and have problems with some larger weapons.
You are carnivorous and can eat meat at any time.


Message History

The bolt hits the ogre but does no damage.
The ogre is severely wounded.
* * * LOW HITPOINT WARNING * * *
You feel sick. The adder closely misses you. The adder completely misses you.
Firing (i - inventory. (,) - cycle):
d - 10 bolts (quivered)
Press: ? - help, Shift-Dir - straight line, f/p - adder
Aim: an adder (severely wounded)
You shoot a bolt. The bolt barely misses the adder.
The bolt hits the ogre.
The ogre is almost dead.
The adder bites you.
* * * LOW HITPOINT WARNING * * *
You are more poisoned.
The adder poisons you!
Firing (i - inventory. (,) - cycle):
d - 9 bolts (quivered)
Press: ? - help, Shift-Dir - straight line, f/p - adder
Aim: an adder (severely wounded)
You shoot a bolt. The bolt hits the adder.
You kill the adder!
Your Crossbows skill increases to level 6!
You die...

.. ..##...# ##.#......... ...
#...# ##.#......... .#
#.#.###...######.#...# #.
...................#.######..
#.# #.......######.#...#..#.
. ...#.###.#.# #.#....8....
#..#.#.###.#.# #.#........[.
.............# #.#.....8.....
.#.#......@##.#............
#.#####(#.#........8....
####'#####O.#..............
#........#(#...............
#........#.................
#..........................
#........#.#######
..#......O.#.#####...
.....................


You could see an ogre.

Vanquished Creatures
  An orc priest (D:3)
  3 adders
  6 oozes
  5 worms (Sewer)
  4 dart slugs (D:1)
  A leopard gecko (Sewer)
  7 orcs (D:3)
  4 ball pythons
  12 bats
  5 giant cockroaches
  10 goblins
  6 hobgoblins
  12 jackals
  6 frilled lizards
  4 kobolds
  6 rats
92 creatures vanquished.

Notes
Turn   | Place    | Note
-------+----------+-------------------------------------------
     0 | D:1      | Host24 the Kobold Hunter began the quest for the Orb.
     0 | D:1      | Reached XP level 1. HP: 12/12 MP: 1/1
   186 | D:1      | Reached XP level 2. HP: 11/18 MP: 2/2
   505 | D:1      | Reached XP level 3. HP: 16/23 MP: 3/3
  1112 | D:2      | Reached XP level 4. HP: 14/29 MP: 4/4
  1709 | D:2      | Found a blossoming altar of Fedhas.
  1874 | D:2      | Found a shimmering altar of Xom.
  2058 | D:3      | Reached XP level 5. HP: 20/33 MP: 5/5
  2284 | D:3      | Reached skill level 5 in Crossbows
  2458 | D:3      | Found a glowing drain.
  2474 | Sewer    | Entered a sewer
  3313 | D:3      | Reached XP level 6. HP: 38/38 MP: 6/6
  3524 | D:4      | Noticed an ogre
  3548 | D:4      | HP: 1/38 [adder (3)]
  3549 | D:4      | Reached skill level 6 in Crossbows
  3549 | D:4      | Succumbed to an adder's poison

Skill      XL: |  1  2  3  4  5  6 |
---------------+-------------------+-----
Fighting       | 3 4 |  4.0
Dodging        | 3 4 |  4.6
Crossbows      | 5 6 |  6.1
Stealth        | |  1.3

Action                   |  1- 3 |  4- 6 || total
-------------------------+-------+-------++-------
Melee: Short sword       |   105 |   104 ||   209
       Mace              |       |    86 ||    86
 Fire: Hand crossbow     |     4 |    35 ||    39
  Use: Potion            |       |     2 ||     2
 Stab: Sleeping          |     2 |     4 ||     6
  Eat: Chunk             |     9 |     9 ||    18
Armor: Leather armour    |    28 |    56 ||    84
Dodge: Dodged            |   113 |   210 ||   323
